 Dungeon Crawl Stone Soup version 0.16.0-18-g484a79e (webtiles) character file.

126 HungrySpirit the Charlatan (level 4, 0/42 HPs)
             Began as a Deep Dwarf Artificer on Mar 22, 2015.
             Killed from afar by an orc wizard (4 damage)
             ... with a puff of frost
             ... on level 3 of the Dungeon.
             The game lasted 00:04:24 (2199 turns).

HungrySpirit the Charlatan (Deep Dwarf Artificer)   Turns: 2199, Time: 00:04:25

Health: 0/42       AC:  6    Str: 15    XL:     4   Next: 84%
Magic:  6/6        EV: 10    Int: 13    God:
Gold:   73         SH:  0    Dex: 13    Spells: 0 memorised, 3 levels left

rFire  . . .     SeeInvis .     a - +0 short sword
rCold  . . .     Clarity  +     x - +0 scale mail
rNeg   . . .     SustAb   .     (no shield)
rPois  .         Gourm    .     (no helmet)
rElec  .         Spirit   .     (no cloak)
rCorr  .         Warding  .     (no gloves)
rMut   .         Stasis   .     (no boots)
MR     .....                    u - amulet of clarity
Stlth  ..........               (no ring)
                                (no ring)

@: non-regenerating, not resistant to hostile enchantments, extremely unstealthy
A: damage resistance, recharge devices, sense surroundings 1, slow healing 3
a: Device Recharging


You were on level 3 of the Dungeon.
You were hungry.

You visited 1 branch of the dungeon, and saw 3 of its levels.

You collected 73 gold pieces.

Inventory:

Hand weapons
 a - a +0 short sword (weapon)
Armour
 x - a +0 scale mail (worn)
Jewellery
 u - an amulet of clarity (around neck)
Magical devices
 b - a wand of flame (15)
 c - a wand of enslavement (15)
 d - a wand of random effects (15)
 f - a wand of heal wounds (3)
 v - a wand of teleportation (0)
Scrolls
 i - a scroll of recharging {unknown}
 k - 3 scrolls of identify {unknown}
 m - 2 scrolls of teleportation {unknown}
 o - a scroll of remove curse {unknown}
 p - 2 scrolls of enchant armour {unknown}
 w - a scroll of fear {unknown}
Potions
 e - a potion of flight {unknown}
 l - 2 potions of heal wounds {unknown}
 n - 2 potions of agility {unknown}
 q - a potion of brilliance {unknown}
 r - a potion of invisibility {unknown}
 t - a potion of restore abilities {unknown}
Comestibles
 g - 2 bread rations
 h - a beef jerky
 j - 2 slices of pizza


   Skills:
 * Level 3.1 Fighting
 - Level 0.8 Short Blades
 + Level 2.2 Armour
 + Level 3.2 Dodging
 - Level 1.2 Stealth
 - Level 4.0 Evocations


You had 3 spell levels left.
You didn't know any spells.

Dungeon Overview and Level Annotations

Branches:
Dungeon (3/15)

Altars:
Qazlal
Sif Muna


Innate Abilities, Weirdness & Mutations

You are resistant to damage.
You can recharge devices by infusing magical energy.
You passively map a small area around you.
You do not heal naturally.


Message History

The orc closely misses you.
You hit the orc.
You kill the orc!
The orc hits you but does no damage.
You hear some strange, mumbled words.
The magic dart hits you!
You hit the orc.
You kill the orc!
Something hits you but does no damage. The orc closely misses you.
You swing at nothing.
Something hits you but does no damage. Something hits you.
The orc hits you but does no damage.
You hit something. Something hits you but does no damage.
The orc closely misses you.
You hear some strange, mumbled words.
The puff of frost hits you!
* * * LOW HITPOINT WARNING * * *
You miss something.
You hear some strange, mumbled words.
The puff of frost hits you!
You die...

... * ##...$.## .#.......##
.$.._.....# ....... .#
*.....*#.# , o.. ..#
..###)###.#* #.##{@##..#
#.###....#####
#.#####......#####
#.##......##.....#####
#######.##......#...........
#....##.##....>.........####
#....##.###..#............##
#....##.###....#"...........
#..............[.<...^..####


You could see an orc.

Vanquished Creatures
  Ijyb (D:2)
  5 adders
  A giant gecko (D:1)
  6 orcs (D:3)
  A ball python (D:2)
  3 giant cockroaches
  7 goblins
  10 hobgoblins
  7 kobolds
  A quokka (D:3)
  4 bats (D:1)
  A giant newt (D:1)
  2 jackals (D:1)
  7 rats
56 creatures vanquished.

Notes
Turn   | Place    | Note
--------------------------------------------------------------
     0 | D:1      | HungrySpirit, the Deep Dwarf Artificer, began the quest for the Orb.
     0 | D:1      | Reached XP level 1. HP: 16/16 MP: 1/1
   117 | D:1      | Reached skill level 1 in Fighting
   203 | D:1      | Reached XP level 2. HP: 19/25 MP: 3/3
   617 | D:1      | Reached skill level 1 in Armour
   873 | D:2      | Reached XP level 3. HP: 27/32 MP: 5/5
  1186 | D:2      | Noticed Ijyb
  1598 | D:2      | Killed Ijyb
  1598 | D:2      | Reached XP level 4. HP: 32/40 MP: 6/6
  2027 | D:3      | Found a deep blue altar of Sif Muna.
  2183 | D:3      | Found a stormy altar of Qazlal.
  2199 | D:3      | Killed from afar by an orc wizard

Action                   |  1- 3 |  4- 6 || total
-------------------------+-------+-------++-------
Melee: Short sword       |   235 |   108 ||   343
Evoke: Wand              |     2 |       ||     2
  Eat: Chunk             |     2 |     2 ||     4
